AA - U28
BINGHAMTON RUMBLE PONIES @ WICHITA PILOTS
05/08/2052
 
TOP OF THE 1ST
Hartford Yard Goats batting - Pitching for Somerset Patriots : RHP Sergio Rosales
Pitching: RHP Sergio Rosales
Batting: LHB Ferris Jones 0-0: Ball
1-0: Reached on error, E3 (Groundball, 34S, EV 83.8 MPH)
Batting: LHB Dante Stacy 0-0: Called Strike
0-1: Swinging Strike
0-2: Strikes out swinging
Batting: RHB Jhoel Feliciano 0-0: Called Strike
0-1: Fly out, F9 (Flyball, 9D, EV 96.9 MPH)
Batting: RHB Anthony Farris 0-0: Foul Ball, location: 2F
0-1: Ball
1-1: Ball
2-1: Ball
3-1: Base on Balls
Ferris Jones to second
Batting: LHB Alfonso Melendez 0-0: Ball
1-0: Foul Ball, location: 2F
1-1: Called Strike
1-2: Strikes out looking
Top of the 1st over - 0 runs, 0 hits, 1 error, 2 left on base; Hartford 0 - Somerset 0
BOTTOM OF THE 1ST
Somerset Patriots batting - Pitching for Hartford Yard Goats : LHP Beavis Dunlap
Pitching: LHP Beavis Dunlap
Batting: RHB Warren Kujawa 0-0: Ball
1-0: Swinging Strike
1-1: Fly out, F7 (Flyball, 7D, EV 86.2 MPH)
Batting: RHB Chase Schneider 0-0: Ball
1-0: Ball
2-0: Foul Ball, location: 2F
2-1: Ball
3-1: Called Strike
3-2: SINGLE (Flyball, 89S, EV 90.6 MPH)
Batting: RHB Amir Harris 0-0: Ball
1-0: Ball
2-0: Called Strike
2-1: Fly out, F9 (Flyball, 89S, EV 86.2 MPH)
Batting: RHB B.J. Farrar 0-0: Ball
1-0: Fly out, F9 (Flyball, 9, EV 85.6 MPH)
Bottom of the 1st over - 0 runs, 1 hit, 0 errors, 1 left on base; Hartford 0 - Somerset 0
TOP OF THE 2ND
Hartford Yard Goats batting - Pitching for Somerset Patriots : RHP Sergio Rosales
Batting: SHB Paul Schultz 0-0: Ball
1-0: Foul Ball, location: 2F
1-1: Ball
2-1: Ball
3-1: Base on Balls
Batting: SHB Shawn Norman 0-0: Ball
1-0: Ball
2-0: Ball
3-0: Called Strike
3-1: Grounds into double play, 6-4-3 (Groundball, 6, EV 91.9 MPH)
Batting: RHB Logan Johnson 0-0: Ball
1-0: Foul Ball, location: 2F
1-1: Foul Ball, location: 2F
1-2: Strikes out looking
Top of the 2nd over - 0 runs, 0 hits, 0 errors, 0 left on base; Hartford 0 - Somerset 0
BOTTOM OF THE 2ND
Somerset Patriots batting - Pitching for Hartford Yard Goats : LHP Beavis Dunlap
Batting: SHB Dominic Kieffer 0-0: Called Strike
0-1: Foul Ball, location: 2F
0-2: Ball
1-2: Foul Ball, location: 2F
1-2: Fly out, F2 (Popup, 25F, EV 91.9 MPH)
Batting: RHB Scott Peters 0-0: Called Strike
0-1: Foul Ball, location: 2F
0-2: Foul Ball, location: 2F
0-2: Ball
1-2: Foul Ball, location: 2F
1-2: SINGLE (Flyball, 34D, EV 86.2 MPH)
Batting: RHB Bryan Butler 0-0: Ball
1-0: Foul Ball, location: 2F
1-1: Foul Ball, location: 2F
1-2: Strikes out swinging
Batting: LHB Dave Baab 0-0: Ball
1-0: SINGLE (Groundball, 4MD, EV 100.0 MPH)
Scott Peters to second
Runner from 2nd tries for 3rd, SAFE, no throw by CF
Batting: SHB Franco Brummer 0-0: Fly out, F9 (Flyball, 9S, EV 78.8 MPH)
Bottom of the 2nd over - 0 runs, 2 hits, 0 errors, 2 left on base; Hartford 0 - Somerset 0
TOP OF THE 3RD
Hartford Yard Goats batting - Pitching for Somerset Patriots : RHP Sergio Rosales
Batting: RHB Brian Townsend 0-0: Ball
1-0: Called Strike
1-1: Fly out, F9 (Flyball, 9S, EV 78.1 MPH)
Batting: LHB Ferris Jones 0-0: Called Strike
0-1: Ball
1-1: Foul Ball, location: 2F
1-2: Ball
2-2: Ground out 4-3 (Groundball, 4, EV 83.1 MPH)
Batting: LHB Dante Stacy 0-0: Ball
1-0: Called Strike
1-1: Foul Ball, location: 2F
1-2: Strikes out looking
Top of the 3rd over - 0 runs, 0 hits, 0 errors, 0 left on base; Hartford 0 - Somerset 0
BOTTOM OF THE 3RD
Somerset Patriots batting - Pitching for Hartford Yard Goats : LHP Beavis Dunlap
Batting: RHB Warren Kujawa 0-0: Called Strike
0-1: Called Strike
0-2: Ball
1-2: Ball
2-2: Ball
3-2: Foul Ball, location: 2F
3-2: Foul Ball, location: 2F
3-2: Base on Balls
Batting: RHB Chase Schneider 0-0: Ball
1-0: Foul Ball, location: 2F
1-1: Fielders Choice at 2nd, 6-4 (Groundball, 56, EV 105.6 MPH)
Batting: RHB Amir Harris 0-0: Ball
1-0: Called Strike
1-1: Foul Ball, location: 2F
1-2: Strikes out swinging
Batting: RHB B.J. Farrar 0-0: Ball
1-0: Foul Ball, location: 2F
1-1: Foul Ball, location: 2F
1-2: Strikes out swinging
Bottom of the 3rd over - 0 runs, 0 hits, 0 errors, 1 left on base; Hartford 0 - Somerset 0
TOP OF THE 4TH
Hartford Yard Goats batting - Pitching for Somerset Patriots : RHP Sergio Rosales
Batting: RHB Jhoel Feliciano 0-0: Called Strike
0-1: Ball
1-1: Ball
2-1: Ball
3-1: Ground out 1-3 (Groundball, 15S, EV 68.8 MPH)
Batting: RHB Anthony Farris 0-0: Foul Ball, location: 2F
0-1: Ball
1-1: Called Strike
1-2: Ball
2-2: Foul Ball, location: 2F
2-2: Ball
3-2: Base on Balls
Batting: LHB Alfonso Melendez 0-0: Called Strike
0-1: Foul Ball, location: 2F
0-2: Fly out, F9 (Flyball, 89S, EV 81.9 MPH)
Batting: SHB Paul Schultz 0-0: Ball
1-0: Ball
2-0: Called Strike
2-1: Ground out 4-3 (Groundball, 4, EV 100.6 MPH)
Top of the 4th over - 0 runs, 0 hits, 0 errors, 1 left on base; Hartford 0 - Somerset 0
BOTTOM OF THE 4TH
Somerset Patriots batting - Pitching for Hartford Yard Goats : LHP Beavis Dunlap
Batting: SHB Dominic Kieffer 0-0: Ball
1-0: Ball
2-0: Ball
3-0: Called Strike
3-1: Foul Ball, location: 2F
3-2: Base on Balls
Batting: RHB Scott Peters 0-0: Called Strike
0-1: Ball
1-1: Reached on error, E5 (Groundball, 5, EV 108.8 MPH)
Dominic Kieffer to second
Batting: RHB Bryan Butler 0-0: Called Strike
0-1: Swinging Strike
0-2: Grounds into double play, 6-4-3 (Groundball, 6, EV 81.9 MPH)
Dominic Kieffer to third
Batting: LHB Dave Baab 0-0: Ground out U3 (Groundball, 34, EV 81.2 MPH)
Bottom of the 4th over - 0 runs, 0 hits, 1 error, 1 left on base; Hartford 0 - Somerset 0
TOP OF THE 5TH
Hartford Yard Goats batting - Pitching for Somerset Patriots : RHP Sergio Rosales
Batting: SHB Shawn Norman 0-0: Ball
1-0: Called Strike
1-1: Foul Ball, location: 2F
1-2: Ball
2-2: Fly out, F9 (Line Drive, 9D, EV 101.2 MPH)
Batting: RHB Logan Johnson 0-0: Foul Ball, location: 2F
0-1: Swinging Strike
0-2: Ball
1-2: Ground out 6-3 (Groundball, 6, EV 79.4 MPH)
Batting: RHB Brian Townsend 0-0: Swinging Strike
0-1: Foul Ball, location: 2F
0-2: Ball
1-2: Ball
2-2: Ball
3-2: Base on Balls
Batting: LHB Ferris Jones 0-0: Foul Ball, location: 2F
0-1: Ball
1-1: Foul Ball, location: 2F
1-2: Ball
2-2: Foul Ball, location: 2F
2-2: Strikes out looking
Top of the 5th over - 0 runs, 0 hits, 0 errors, 1 left on base; Hartford 0 - Somerset 0
BOTTOM OF THE 5TH
Somerset Patriots batting - Pitching for Hartford Yard Goats : LHP Beavis Dunlap
Batting: SHB Franco Brummer 0-0: Ball
1-0: Ground out 5-3 (Groundball, 5, EV 82.5 MPH)
Batting: RHB Warren Kujawa 0-0: Hit by Pitch
Batting: RHB Chase Schneider 0-0: Ball
1-0: Fly out, F9 (Flyball, 9LM, EV 93.8 MPH)
Batting: RHB Amir Harris 0-0: Ball
1-0: Ball
2-0: Called Strike
2-1: Ball
3-1: Base on Balls
Warren Kujawa to second
Batting: RHB B.J. Farrar 0-0: Fly out, F9 (Flyball, 9LS, EV 88.8 MPH)
Bottom of the 5th over - 0 runs, 0 hits, 0 errors, 2 left on base; Hartford 0 - Somerset 0
TOP OF THE 6TH
Hartford Yard Goats batting - Pitching for Somerset Patriots : RHP Sergio Rosales
Batting: LHB Dante Stacy 0-0: Ball
1-0: Fly out, F9 (Line Drive, 9, EV 91.9 MPH)
Batting: RHB Jhoel Feliciano 0-0: Ball
1-0: Ball
2-0: Called Strike
2-1: Ball
3-1: Called Strike
3-2: Base on Balls
Pitching: RHP Joe Mitchell
Batting: RHB Anthony Farris 0-0: Called Strike
0-1: Ball
1-1: Ball
2-1: Grounds into double play, 5-4-3 (Groundball, 56S, EV 89.4 MPH)
Top of the 6th over - 0 runs, 0 hits, 0 errors, 0 left on base; Hartford 0 - Somerset 0
BOTTOM OF THE 6TH
Somerset Patriots batting - Pitching for Hartford Yard Goats : LHP Beavis Dunlap
Batting: SHB Dominic Kieffer 0-0: Ball
1-0: Foul Ball, location: 2F
1-1: Foul Ball, location: 2F
1-2: Ball
2-2: Foul Ball, location: 2F
2-2: Fly out, F7 (Flyball, 7LS, EV 89.4 MPH)
Batting: RHB Scott Peters 0-0: Foul Ball, location: 2F
0-1: Foul Ball, location: 2F
0-2: Ball
1-2: SINGLE (Groundball, 25, EV 75.0 MPH) (infield hit)
Batting: RHB Bryan Butler 0-0: Foul Ball, location: 2F
0-1: Foul Ball, location: 2F
0-2: Fly out, F8 (Flyball, 89D, EV 105.0 MPH)
Batting: LHB Dave Baab 0-0: Ball
1-0: Ball
2-0: Ball
3-0: Called Strike
3-1: Foul Ball, location: 2F
3-2: Fly out, F3 (Popup, 3SF, EV 86.2 MPH)
Bottom of the 6th over - 0 runs, 1 hit, 0 errors, 1 left on base; Hartford 0 - Somerset 0
TOP OF THE 7TH
Hartford Yard Goats batting - Pitching for Somerset Patriots : RHP Joe Mitchell
Batting: LHB Alfonso Melendez 0-0: Ball
1-0: SINGLE (Groundball, 34D, EV 104.4 MPH)
Batting: SHB Paul Schultz 0-0: Fly out, F7 (Flyball, 7S, EV 83.1 MPH)
Batting: SHB Shawn Norman 0-0: Grounds into double play, 6-4-3 (Groundball, 6, EV 87.5 MPH)
Top of the 7th over - 0 runs, 1 hit, 0 errors, 0 left on base; Hartford 0 - Somerset 0
BOTTOM OF THE 7TH
Somerset Patriots batting - Pitching for Hartford Yard Goats : LHP Beavis Dunlap
Batting: SHB Franco Brummer 0-0: Swinging Strike
0-1: Foul Ball, location: 2F
0-2: Ball
1-2: Fly out, F8 (Flyball, 8RD, EV 108.1 MPH)
Batting: RHB Warren Kujawa 0-0: Ground out 5-3 (Groundball, 56, EV 81.2 MPH)
Batting: RHB Chase Schneider 0-0: Ball
1-0: Ball
2-0: Called Strike
2-1: Called Strike
2-2: Foul Ball, location: 2F
2-2: Ball
3-2: Base on Balls
Batting: RHB Amir Harris 0-0: Fielders Choice at 2nd, 6-4 (Groundball, 6, EV 86.9 MPH)
Bottom of the 7th over - 0 runs, 0 hits, 0 errors, 1 left on base; Hartford 0 - Somerset 0
TOP OF THE 8TH
Hartford Yard Goats batting - Pitching for Somerset Patriots : RHP Joe Mitchell
Pinch Hitting: SHB Martin Fraga 0-0: Called Strike
0-1: Ball
1-1: Called Strike
1-2: Foul Ball, location: 2F
1-2: Ball
2-2: Foul Ball, location: 2F
2-2: Strikes out swinging
Batting: RHB Brian Townsend 0-0: Foul Ball, location: 2F
0-1: Ground out 6-3 (Groundball, 6, EV 91.9 MPH)
Batting: LHB Ferris Jones 0-0: Ball
1-0: Foul Ball, location: 2F
1-1: Ball
2-1: Called Strike
2-2: Ball
3-2: Base on Balls
Batting: LHB Dante Stacy 0-0: Called Strike
0-1: Foul Ball, location: 2F
0-2: Ball
1-2: Ball
2-2: Ground out 4-3 (Groundball, 34, EV 94.4 MPH)
Top of the 8th over - 0 runs, 0 hits, 0 errors, 1 left on base; Hartford 0 - Somerset 0
BOTTOM OF THE 8TH
Somerset Patriots batting - Pitching for Hartford Yard Goats : LHP Beavis Dunlap
Now in CF: Jorge De La Cruz
Batting: RHB B.J. Farrar 0-0: Ball
1-0: Fly out, F8 (Flyball, 89M, EV 91.9 MPH)
Pitching: RHP Len Brechner
Batting: SHB Dominic Kieffer 0-0: Swinging Strike
0-1: Ball
1-1: Ball
2-1: Ball
3-1: Base on Balls
Pinch Hitting: LHB Sid Goodspeed 0-0: Swinging Strike
0-1: Called Strike
0-2: Foul Ball, location: 2F
0-2: Strikes out swinging
Batting: RHB Bryan Butler 0-0: Ball
1-0: Swinging Strike
1-1: Foul Ball, location: 2F
1-2: Foul Ball, location: 2F
1-2: Fly out, F9 (Flyball, 9D, EV 87.5 MPH)
Bottom of the 8th over - 0 runs, 0 hits, 0 errors, 1 left on base; Hartford 0 - Somerset 0
TOP OF THE 9TH
Hartford Yard Goats batting - Pitching for Somerset Patriots : RHP Joe Mitchell
Now at 2B: Melchiore Fradinho
Batting: RHB Jhoel Feliciano 0-0: Called Strike
0-1: Ball
1-1: Swinging Strike
1-2: Foul Ball, location: 2F
1-2: Strikes out swinging
Pitching: LHP Ben Terry
Batting: RHB Anthony Farris 0-0: Ball
1-0: Foul Ball, location: 2F
1-1: SOLO HOME RUN (Flyball, 9LD, EV 94.4 MPH), Distance : 340 ft
Batting: LHB Alfonso Melendez 0-0: Fly out, F8 (Flyball, 78XD, EV 102.5 MPH)
Batting: SHB Paul Schultz 0-0: Swinging Strike
0-1: Swinging Strike
0-2: Strikes out swinging
Top of the 9th over - 1 run, 1 hit, 0 errors, 0 left on base; Hartford 1 - Somerset 0
BOTTOM OF THE 9TH
Somerset Patriots batting - Pitching for Hartford Yard Goats : RHP Len Brechner
Pitching: RHP Dylan Holmes
Now at 1B: Luís Montes
Batting: LHB Dave Baab 0-0: Called Strike
0-1: Ball
1-1: Ball
2-1: Ball
3-1: Base on Balls
Batting: SHB Franco Brummer 0-0: Sac Bunt to 15 - play at first, batter OUT! 1-4
Dave Baab to second
Batting: RHB Warren Kujawa 0-0: Called Strike
0-1: Foul Ball, location: 2F
0-2: SINGLE (Groundball, 4M, EV 100.0 MPH) (infield hit)
Dave Baab to third
Batting: RHB Chase Schneider 0-0: Squeeze Bunt to 23 - play home, runner OUT, batter safe! 3-2
Warren Kujawa to second
Batting: RHB Amir Harris 0-0: Foul Ball, location: 2F
0-1: Ball
1-1: Swinging Strike
1-2: Ball
2-2: Ball
3-2: Strikes out looking
Bottom of the 9th over - 0 runs, 1 hit, 0 errors, 2 left on base; Hartford 1 - Somerset 0
Saturday, April 20th , 2024 - OOTP Baseball 24.11 Build 85